 Dungeon Crawl Stone Soup version 0.24.0-125-gc4c63601f3 (console) character file.

Game seed: 6513918946579158627, levelgen mode: deterministic

5879 Kagalorn the Tainter (level 10, -3/66 HPs)
             Began as an Octopode Venom Mage on Mar 7, 2020.
             Was a Believer of Vehumet.
             Slain by a troll zombie (11 damage)
             ... on level 10 of the Dungeon.
             The game lasted 00:42:47 (13239 turns).

Kagalorn the Tainter (Octopode Venom Mage)         Turns: 13239, Time: 00:42:49

Health: -3/66      AC:  1    Str: 12    XL:     10   Next: 81%
Magic:  11/17      EV: 13    Int: 26    God:    Vehumet [**....]
Gold:   537        SH:  0    Dex: 12    Spells: 12/19 levels left

rFire    . . .     SeeInvis .   a - +1 quarterstaff
rCold    . . .     Gourm    .   (shield currently unavailable)
rNeg     . . .     Faith    .   (helmet restricted)
rPois    +         Spirit   .   (no amulet)
rElec    .         Reflect  .   q - ring of poison resistance
rCorr    .         Harm     .   i - +3 ring of intelligence
MR       .....                  p - +3 ring of strength
Stlth    +++++.....             x - ring of flight
HPRegen  0.21/turn              F - +3 ring of intelligence
MPRegen  0.15/turn              (no ring)
                                (no ring)
                                (no ring)

@: no status effects
A: almost no armour, stealthy swim, amphibious, 8 rings, constrict 8, camouflage
1, gelatinous body 1
a: Renounce Religion, Evoke Flight


You were on level 10 of the Dungeon.
You worshipped Vehumet.
Vehumet was pleased with you.
You were hungry.

You visited 2 branches of the dungeon, and saw 11 of its levels.

You collected 537 gold pieces.

Inventory:

Hand Weapons
 a - a +1 quarterstaff (weapon)
 z - the +1 trident of Disorder {holy, +Blink Dex-4 SInv Stlth+}
   (You found it on level 6 of the Dungeon)

   It has been blessed by the Shining One to cause great damage to the undead
   and demons.
   It affects your dexterity (-4).
   It lets you see invisible.
   It lets you blink.
   It makes you more stealthy.
Missiles
 g - 40 poisoned darts (quivered)
 h - 271 stones
 s - 5 javelins
Armour
 r - a +0 shield
Magical Staves
 o - an uncursed staff of cold
 y - an uncursed staff of fire
Jewellery
 i - a +3 ring of intelligence (right tentacle)
 p - a +3 ring of strength (on tentacle)
 q - a ring of poison resistance (left tentacle)
 x - a ring of flight (on tentacle)
 E - an uncursed ring of ice
 F - a +3 ring of intelligence (on tentacle)
Wands
 k - a wand of flame (39)
 G - a wand of iceblast (13)
 H - a wand of polymorph (6)
 J - a wand of paralysis (8)
 M - a wand of enslavement (4)
Scrolls
 c - a scroll of enchant armour {unknown}
 f - 4 scrolls of enchant weapon
 m - 2 scrolls of teleportation
 u - a scroll of blinking
 w - 4 scrolls of remove curse
 A - 2 scrolls of random uselessness {unknown}
 B - a scroll of magic mapping
 C - 2 scrolls of amnesia
 I - a scroll of immolation {unknown}
 P - a scroll of brand weapon {unknown}
Potions
 d - 2 potions of flight {unknown}
 e - 5 potions of curing {unknown}
 l - 3 potions of might
 n - 2 potions of mutation
 t - a potion of ambrosia
 v - 2 potions of resistance
 D - a potion of berserk rage
 K - 2 potions of magic
 N - 3 potions of invisibility
 O - a potion of brilliance {unknown}
Miscellaneous
 L - a lightning rod (4/4)
Comestibles
 b - 13 rations


   Skills:
 - Level 5.0 Fighting
 * Level 6.8 Staves
 - Level 2.0 Dodging
 - Level 10.0 Stealth
 - Level 5.0 Spellcasting
 * Level 3.7 Conjurations
 * Level 2.1 Summonings
 * Level 2.0 Ice Magic
 - Level 2.0 Air Magic
 - Level 11.0 Poison Magic


You had 12 spell levels left.
You knew the following spells:

 Your Spells              Type           Power        Failure   Level  Hunger
a - Shock                 Conj/Air       ###.         2%          1    None
b - Poisonous Vapours     Pois/Air       #####.       1%          2    None
c - Summon Ice Beast      Ice/Summ       ###.....     32%         4    ###....

Your spell library contained the following spells:

 Spells                   Type           Power        Failure   Level  Hunger
 Throw Frost              Conj/Ice       ###...       3%          2    None
 Sting                    Conj/Pois      ####         1%          1    None
 Olgreb's Toxic Radiance  Pois           ######..     1%          4    ###....
 Mephitic Cloud           Conj/Pois/Air  #####...     2%          3    #......
 Freeze                   Ice            ###.         3%          1    None
 Infusion                 Chrm           #...         8%          1    None
 Venom Bolt               Conj/Pois      #####.....   11%         5    #####..
 Shroud of Golubria       Chrm/Tloc      #.....       12%         2    None
 Song of Slaying          Chrm           #.......     12%         2    None
 Ozocubu's Armour         Chrm/Ice       ##......     16%         3    #......
 Regeneration             Chrm/Necr      #.........   22%         3    #......
 Spectral Weapon          Hex/Chrm       #.......     22%         3    #......
 Throw Icicle             Conj/Ice       ###.....     24%         4    ###....


Dungeon Overview and Level Annotations

Branches:
Dungeon (10/15)            Temple (1/1) D:7            Lair (0/6) D:10
    Orc (0/2) D:10

Altars:
Ashenzari
Cheibriados
Dithmenos
Elyvilon
Fedhas
Gozag
Hepliaklqana
Kikubaaqudgha
Makhleb
Nemelex Xobeh
Okawaru
Qazlal
Ru
Trog
Uskayaw
Vehumet
Wu Jian
Xom
Yredelemnul
Zin
The Shining One

Shops:
D:9 =

Annotations:
D:6 Pikel
D:8 exclusion: jelly
D:9 exclusion: troll
D:10 exclusions: zombie and 1 more exclusion


Innate Abilities, Weirdness & Mutations

You cannot wear most types of armour.
You are very stealthy in the water. (Stealth+)
You are amphibious.
You can wear up to eight rings at the same time.
You can use your tentacles to constrict eight enemies at once.
Your skin changes colour to match your surroundings (Stealth+).
Your rubbery body absorbs attacks. (AC +1, EV +1)


Message History

Press: ? - help, Shift-Dir - straight line, f/p - troll zombie
Aim: a troll zombie (severely damaged)
The zap hits the troll zombie.
The troll zombie is severely damaged.
The zap misses the troll zombie.
The troll zombie barely misses you. The troll zombie claws you.
The troll zombie claws you!
* * * LOW HITPOINT WARNING * * *
Casting: Shock (safe; 2% risk of failure)
Confirm with . or Enter, or press ? or * to list all spells.
Aiming: Shock (safe; 2% risk of failure)
Press: ? - help, Shift-Dir - straight line, f/p - troll zombie
Aim: a troll zombie (severely damaged)
The zap hits the troll zombie.
The troll zombie is severely damaged.
The zap hits the troll zombie.
The troll zombie is severely damaged.
The troll zombie bites you!
* * * LOW HITPOINT WARNING * * *
The troll zombie closely misses you. The troll zombie claws you!
You die...

........)...#.# #.##.#
............#.# #.##.#
########......# #....# #......#
#.#### #####..#######.#########
###.>....).).<.......#
#.............#.#.####
#######Z#.##..#.#.####.#
#@#..............#
#.#.##..###..#####
#............# #.##'#######.#
#.#........#.####
#.#........#....# #
#.#........#.#### #
#.#........#.#
################.#........#.####


You could see a troll zombie.

Vanquished Creatures
  A centaur zombie (D:10)
  2 hippogriffs
  A wyvern (D:8)
  3 yaks (D:9)
  Grum (D:10)
  2 hungry ghosts
  A hornet zombie (D:9)
  A sky beast (D:7)
  2 ice beasts
  A black bear (D:8)
  A necrophage (D:8)
  8 ogres
  3 phantoms
  4 wolves
  A centaur (D:8)
  2 bullfrogs
  A wyvern skeleton (D:6)
  3 howler monkeys
  7 crimson imps
  2 jellies (D:8)
  A bullfrog zombie (D:9)
  A gnoll shaman (D:4)
  3 hounds
  2 centaur skeletons
  8 orc priests
  2 bullfrog skeletons
  12 orc wizards
  3 iguanas
  Natasha (thrice) (D:2)
  5 worker ants
  Terence (D:2)
  3 ogre zombies (D:10)
  A hound skeleton (D:9)
  A hound zombie (D:5)
  12 gnolls
  A howler monkey skeleton (D:7)
  A howler monkey zombie (D:6)
  16 adders
  2 river rats (D:4)
  3 shadow imps
  6 oozes
  2 adder skeletons (D:4)
  An adder zombie (D:9)
  A worm (D:5)
  A dart slug (D:4)
  5 leopard geckos
  37 orcs
  6 giant cockroaches
  7 goblins
  10 hobgoblins
  11 jackals
  4 kobolds
  11 quokkas
  3 ball pythons
  7 bats
  5 frilled lizards
  3 goblin zombies (D:10)
  2 hobgoblin skeletons (D:10)
  2 hobgoblin zombies (D:10)
  A leopard gecko skeleton (D:4)
  A leopard gecko zombie (D:5)
  An orc skeleton (D:10)
  7 orc zombies (D:10)
  16 rats
278 creatures vanquished.

Notes
Turn   | Place    | Note
-------+----------+-------------------------------------------
     0 | D:1      | Kagalorn the Octopode Venom Mage began the quest for the
                  | Orb.
     0 | D:1      | Reached XP level 1. HP: 11/11 MP: 3/3
   160 | D:1      | Reached XP level 2. HP: 6/18 MP: 1/5
   241 | D:1      | Reached skill level 1 in Fighting
   260 | D:1      | Reached skill level 4 in Poison Magic
   378 | D:1      | Reached XP level 3. HP: 12/23 MP: 0/6
   389 | D:1      | Learned a level 2 spell: Poisonous Vapours
   795 | D:2      | Noticed Natasha
   801 | D:2      | Killed Natasha
   864 | D:2      | Reached XP level 4. HP: 26/29 MP: 7/7
   937 | D:2      | Noticed Terence
   955 | D:2      | Found a blossoming altar of Fedhas.
   956 | D:2      | Found a hazy altar of Hepliaklqana.
   972 | D:2      | Found a bloodstained altar of Trog.
   972 | D:2      | Found a shattered altar of Ashenzari.
   972 | D:2      | Found a stormy altar of Qazlal.
   973 | D:2      | Found a shimmering altar of Xom.
  1025 | D:2      | Killed Terence
  1444 | D:2      | Noticed Natasha
  1447 | D:2      | Killed Natasha
  1447 | D:2      | Reached XP level 5. HP: 35/35 MP: 1/8
  1550 | D:2      | Noticed Natasha
  1554 | D:2      | Killed Natasha
  1554 | D:2      | Reached skill level 5 in Poison Magic
  1780 | D:3      | Reached skill level 5 in Stealth
  1833 | D:3      | Reached XP level 6. HP: 36/42 MP: 0/9
  2642 | D:4      | Found a stormy altar of Qazlal.
  2756 | D:4      | HP: 2/42 [orc (4)]
  2949 | D:4      | Reached skill level 6 in Poison Magic
  3212 | D:4      | Reached XP level 7. HP: 48/48 MP: 2/10
  4398 | D:4      | Found a stormy altar of Qazlal.
  4548 | D:5      | Entered Level 5 of the Dungeon
  4714 | D:5      | Reached skill level 7 in Poison Magic
  4984 | D:5      | Reached skill level 5 in Fighting
  5181 | D:5      | Reached XP level 8. HP: 55/55 MP: 4/11
  5537 | D:6      | Reached skill level 8 in Poison Magic
  5679 | D:6      | Reached skill level 1 in Staves
  6301 | D:6      | Got a steaming trident
  6462 | D:6      | Noticed Pikel
  6612 | D:7      | Noticed a hippogriff
  6635 | D:7      | Killed a hippogriff
  6635 | D:7      | Reached skill level 9 in Poison Magic
  6635 | D:7      | Reached XP level 9. HP: 18/61 MP: 1/14
  6908 | D:7      | Found a snail-covered altar of Cheibriados.
  6946 | D:7      | Identified the +1 trident of Disorder {holy, +Blink Dex-4
                  | SInv Stlth+} (You found it on level 6 of the Dungeon)
  7171 | D:7      | Found a staircase to the Ecumenical Temple.
  7178 | Temple   | Entered the Ecumenical Temple
  7270 | Temple   | Became a worshipper of Vehumet
  8649 | D:9      | Reached skill level 10 in Poison Magic
  8863 | D:9      | Noticed a troll
  9298 | D:9      | Reached skill level 5 in Spellcasting
  9361 | D:9      | Reached skill level 5 in Staves
  9495 | D:9      | Reached XP level 10. HP: 59/66 MP: 15/17
  9683 | D:9      | Reached * piety under Vehumet
  9683 | D:9      | Offered knowledge of Shock by Vehumet.
  9698 | D:9      | Learned a level 1 spell: Shock
  9755 | D:9      | Found Obehec's Jewellery Boutique.
 10658 | D:10     | Entered Level 10 of the Dungeon
 10751 | D:10     | Reached skill level 1 in Air Magic
 11300 | D:10     | Found a staircase to the Orcish Mines.
 11399 | D:10     | Reached skill level 11 in Poison Magic
 11814 | D:10     | Reached ** piety under Vehumet
 11814 | D:10     | Offered knowledge of Throw Frost by Vehumet.
 11931 | D:10     | Reached skill level 10 in Stealth
 12274 | D:10     | Learned a level 4 spell: Summon Ice Beast
 12340 | D:10     | Noticed Grum
 12638 | D:9      | Reached skill level 1 in Summonings
 12638 | D:9      | Reached skill level 1 in Ice Magic
 12757 | D:10     | Killed Grum
 13198 | D:10     | Found a staircase to the Lair.
 13239 | D:10     | Slain by a troll zombie

Levels and vault maps discovered:
D:1:      nzn_arrival_depleted_hourglass, layout_loops_ring
D:2:      layout_basic, grunt_temple_overflow_open, uniq_natasha, uniq_terence
D:3:      layout_basic
D:4:      layout_loops_corners, portal_sewer_entry_e,
          nicolae_qazlal_eye_of_the_storm
D:5:      layout_loops_ring, first_ration
D:6:      layout_basic, nicolae_overflow_crystal_walls, uniq_pikel
D:7:      layout_rooms, lemuel_crystal_altar, minmay_temple_entry_butterflies
D:8:      layout_basic, hangedman_little_slice_of_home
D:9:      layout_layer_cave, serial_shops, nicolae_shop_window_shopping
D:10:     layout_basic, lair_entry_dummy, zombieorc1_lemuel, minivault_25,
          grunt_ministairs_14, uniq_grum, uniq_harold
Temple:   nicolae_temple_great_sept

Skill      XL: |  1  2  3  4  5  6  7  8  9 10 |
---------------+-------------------------------+-----
Stealth        | 3 4 5 6 8 9 10 | 10.0
Fighting       | 1 2 3 4 5 |  5.0
Poison Magic   | 4 5 6 7 9 10 11 | 11.0
Staves         | 2 5 6 |  6.8
Spellcasting   | 3 5 |  5.0
Air Magic      | 2 |  2.0
Conjurations   | 3 |  3.7
Summonings     | 2 |  2.1
Ice Magic      | 2 |  2.0
Dodging        | |  2.0

Action                   |  1- 3 |  4- 6 |  7- 9 | 10-12 || total
-------------------------+-------+-------+-------+-------++-------
Melee: Unarmed           |    39 |   105 |     9 |       ||   153
       Constrict         |    10 |    22 |    42 |    15 ||    89
       Tentacles         |    10 |    25 |    41 |    17 ||    93
       Quarterstaff      |       |       |   187 |   100 ||   287
       Trident           |       |       |       |    26 ||    26
 Cast: Sting             |    31 |    59 |    77 |       ||   167
       Poisonous Vapours |     4 |    29 |   109 |    41 ||   183
       Shock             |       |       |       |   124 ||   124
Evoke: Wand              |       |       |     7 |       ||     7
  Use: Scroll            |       |       |    14 |     1 ||    15
 Stab: Sleeping          |     2 |     7 |    10 |     5 ||    24
  Eat: Chunk             |       |     8 |    18 |     6 ||    32
       Ration            |       |     1 |     1 |     3 ||     5
Armor: Skin              |     7 |     7 |     4 |     8 ||    26
Dodge: Dodged            |    28 |    73 |   125 |   115 ||   341
